 Dungeon Crawl Stone Soup version 0.32-a0-859-gb0a091d592 (webtiles) character file.

Game seed: 5778893260419461181

13183 Alarak the Thaumaturge (level 12, -1/81 HPs)
             Began as a Djinni Earth Elementalist on Mar 27, 2024.
             Was an Elder of Makhleb.
             Engulfed by a cloud of flame (7 damage)
             ... on level 11 of the Dungeon.
             The game lasted 00:40:04 (8783 turns).

Alarak the Thaumaturge (Djinni Earth Elementalist)  Turns: 8783, Time: 00:40:05

Health: -1/81      AC:  6    Str:  7    XL:     12   Next: 29%
Gold:   286        EV: 16    Int: 21    God:    Makhleb [****..] SH:  0 Dex: 15

rFire   + + .        j - staff of earth
rCold   . . .        (no shield)
rNeg    . . .        G - +2 robe {rC+}
rPois   ∞            o - +1 hat
rElec   .            x - +0 cloak
rCorr   .            (no gloves)
SInv    +            (boots unavailable)
Will    +....        r - amulet of regeneration
Stlth   ++           e - ring of wizardry
HPRegen 1.13/turn    A - ring of see invisible
MPRegen 0.00/turn

%: wizardry (x1), infuse magic (-2 HP)
@: flying
A: sickness immunity, fire resistance 2, cold vulnerability 1, float, innate
caster, HP casting, extra vitality 1
a: Renounce Religion, Minor Destruction, Lesser Servant of Makhleb, Major
Destruction


You were on level 11 of the Dungeon.
You worshipped Makhleb.
Makhleb was greatly pleased with you.
You visited 2 branches of the dungeon, and saw 13 of its levels.
You also visited: Ossuary.

You collected 532 gold pieces.
You spent 246 gold pieces at shops.

Inventory:

Armour
 o - a +1 hat (worn)
 w - a +1 robe of willpower
 x - a +0 cloak (worn)
 F - an orb of guile
 G - a +2 robe of cold resistance (worn)
 K - a +3 ring mail
 M - +0 steam dragon scales
Magical Staves
 a - a staff of conjuration
 j - a staff of earth (weapon)
 l - a staff of fire
 E - a staff of cold
Jewellery
 d - a ring of ice
 e - a ring of wizardry (left hand)
 q - a ring of resist corrosion
 r - an amulet of regeneration (around neck)
 z - a ring of fire
 A - a ring of see invisible (right hand)
Wands
 p - a wand of charming (11)
 t - a wand of polymorph (9)
 y - a wand of roots (12)
 L - a wand of flame (12)
Scrolls
 h - 3 scrolls of poison
 i - 2 scrolls of teleportation
 s - 3 scrolls of enchant weapon
 v - 2 scrolls of enchant armour
 I - a scroll of revelation
 N - a scroll of immolation
 O - a scroll of brand weapon
 P - 2 scrolls of identify
Potions
 b - 5 potions of curing
 c - 3 potions of haste
 f - 4 potions of brilliance
 g - a potion of berserk rage
 k - 5 potions of lignification
 m - 2 potions of mutation
 n - a potion of might {unknown}
 u - a potion of ambrosia {unknown}
 B - 8 potions of enlightenment {unknown}
 D - a potion of cancellation {unknown}
 H - 2 potions of invisibility {unknown}
 J - a potion of attraction {unknown}


   Skills:
 - Level 5.1 Fighting
 - Level 4.0 Armour
 + Level 9.5 Dodging
 - Level 1.5 Stealth
 - Level 12.6 Spellcasting
 - Level 12.6 Conjurations
 - Level 12.6 Hexes
 - Level 12.6 Summonings
 - Level 12.6 Necromancy
 - Level 12.6 Translocations
 - Level 12.6 Fire Magic
 - Level 12.6 Ice Magic
 - Level 12.6 Air Magic
 - Level 12.6 Earth Magic
 - Level 12.6 Alchemy


You knew the following spells:

 Your Spells              Type           Power      Damage    Failure   Level
a - Sandblast             Erth           100%       2d20      1%          1
b - Passwall              Erth           79%        N/A       1%          3
c - Stone Arrow           Conj/Erth      100%       3d13      1%          3
d - Petrify               Alch/Erth      79%        N/A       1%          4
e - Brom's Barrelling Bo  Conj/Erth      79%        2d9       1%          4
f - Magic Dart            Conj           100%       1d8       1%          1
g - Ensorcelled Hibernat  Hex/Ice        100%       N/A       1%          2
h - Inner Flame           Hex/Fire       60%        N/A       1%          3
i - Passage of Golubria   Tloc           60%        N/A       1%          4
j - Curse of Agony        Necr           60%        N/A       1%          5
Your spell library was empty.

Dungeon Overview and Level Annotations

Branches:
Dungeon (12/15)            Temple (1/1) D:7         Ossuary (visited)
   Lair: D:8-11         Orc: D:9-12

Altars:
Ashenzari
Cheibriados
Dithmenos
Elyvilon
Fedhas
Gozag
Hepliaklqana
Makhleb
Nemelex Xobeh
Okawaru
Qazlal
Ru
Trog
Uskayaw
Wu Jian
Xom
Yredelemnul
Zin
The Shining One

Shops:
D:1 [   D:2 [   D:7 !   D:9 *   D:10 [

Annotations:
D:11 3 runed translucent doors, Swamplord's ghost, journeyman DESu


Innate Abilities, Weirdness & Mutations

You are immune to sickness and miasma.
You are immune to poison.
Your flesh is very heat resistant. (rF++)
You are vulnerable to cold. (rC-)
You float through the air rather than walking.
You learn spells naturally, not from books.
Your magical power is your life essence.
You have superior vitality. (+4 MHP)


Message History

The stone arrow hits the skeletal warrior!
The skeletal warrior is heavily damaged.
The skeletal warrior is engulfed in blazing flames.
You feel a surge of power!
The stone arrow hits the skeletal warrior!
The skeletal warrior is severely damaged.
The skeletal warrior is engulfed in blazing flames.
You feel a surge of power!
The stone arrow hits the skeletal warrior!
The skeletal warrior is almost destroyed.
The skeletal warrior is engulfed in blazing flames.
The skeletal warrior hits you with a +0 long sword!!
You are too injured to fight recklessly!
Okay, then.
Okay, then.
Okay, then.
Okay, then.
You feel much better.
The skeletal warrior is engulfed in blazing flames.
The skeletal warrior closely misses you.
The skeletal warrior hits you with a +0 long sword!
Casting: Stone Arrow (safe; 1% risk of failure)
Confirm with . or Enter, or press ? or * to list all spells.
Aiming: Passage of Golubria (safe; 1% risk of failure)
Press: ? - help, Dir - move target, p - skeletal warrior The skeletal warrior is engulfed in blazing flames.
The skeletal warrior hits you with a +0 mace.
The skeletal warrior barely misses you.
The skeletal warrior is engulfed in blazing flames.
The skeletal warrior attacks as it pursues you!
The skeletal warrior hits you with a +0 long sword!
The skeletal warrior attacks as it pursues you!
The skeletal warrior hits you with a +0 mace!
* * * LOW HITPOINT WARNING * * *
The skeletal warrior attacks as it pursues you!
The skeletal warrior hits you with a +0 long sword!
* * * LOW HITPOINT WARNING * * *
You enter the passage of Golubria.
You are engulfed in blazing flames.
You resist.
You die...

... #...#...........
..ß.#...#...........
....#...#..........#
_.......#..........#
#..§'..........#
#.z.'..........#
##.z.#...........
##.###....#...........
#...○@○####.........##
#....○°☼#............#
#.....☼)#............#
#....§).#+#..........#
#..>.)... #......)...#
#.........#..........#
#?........#..........#
####......#..#####.....
#.. .....


You could see 2 skeletal warriors.

Vanquished Creatures
  A two-headed ogre (D:11)
  2 skeletal warriors (D:11)
  An ugly thing (D:11)
  A manticore (D:11)
  Jeremiah (D:7)
  A kobold demonologist (D:11)
  An unseen horror (D:10)
  The ghost of zorb987 the Chopper, an amateur GnRe of Dithmenos (D:5)
  A troll (D:7)
  A polar bear (D:10)
  A blink frog (D:11)
  A wraith (D:10)
  2 shadows (D:10)
  26 yaks
  4 steam dragons
  A water moccasin (D:7)
  Duvessa (D:4)
  4 orc warriors
  3 ice beasts
  A sky beast (D:7)
  An ogre (D:5)
  2 wolves (D:10)
  A centaur (D:9)
  4 kobold brigands
  A phantom (D:5)
  2 gnoll sergeants
  2 bullfrogs
  3 scorpions
  3 water moccasin zombies (Ossuary)
  A burial acolyte (Ossuary)
  A hornet simulacrum (D:5)
  Dowan (D:4)
  9 killer bees
  3 electric eels (D:10)
  3 howler monkeys
  4 bombardier beetles
  4 jellies
  9 orc priests
  A spectral scorpion (Ossuary)
  2 iguanas
  2 sleepcaps (D:7)
  14 orc wizards
  2 centaur simulacra
  A crocodile zombie (Ossuary)
  A scorpion simulacrum (D:5)
  3 mummies
  A killer bee simulacrum (D:5)
  6 gnolls
  7 adders
  A hound simulacrum (D:5)
  A shadow imp (D:7)
  4 white imps
  4 ufetubi
  An adder zombie (Ossuary)
  A ribbon worm (D:4)
  A dart slug (D:4)
  An adder simulacrum (D:5)
  32 orcs
  6 ball pythons
  4 endoplasms
  3 giant cockroaches
  11 gnoll zombies (Ossuary)
  5 goblins
  6 hobgoblins
  2 jackals (D:4)
  28 kobolds
  4 quokkas
  5 bats
  2 frilled lizards
  A goblin zombie (D:7)
  4 jackal zombies (Ossuary)
  A kobold zombie (D:7)
  2 orc zombies (Ossuary)
  2 rats
281 creatures vanquished.

Vanquished Creatures (collateral kills)
  An orc wizard (D:8)
  An adder simulacrum (D:5)
2 creatures vanquished.

Grand Total: 283 creatures vanquished

Notes
Turn   | Place    | Note
-------+----------+-------------------------------------------
     0 | D:1      | Alarak the Djinni Earth Elementalist began the quest for
                  | the Orb.
     0 | D:1      | Alarak set off with the following spells memorised:
                  | Sandblast, Passwall, Stone Arrow, Petrify, Brom's
                  | Barrelling Boulder.
     0 | D:1      | Reached XP level 1. HP: 15/15 MP: 0/0
   138 | D:1      | Reached XP level 2. HP: 21/21 MP: 0/0
   275 | D:1      | Found Gaeplyxi's Antique Armour Shop.
   413 | D:1      | Found a faded altar of an unknown god.
   802 | D:2      | Reached XP level 3. HP: 16/25 MP: 0/0
   802 | D:2      | Learned a level 1 spell: Magic Dart
   870 | D:2      | You are sucked into a shaft and drop 1 floor!
  1118 | D:2      | Reached XP level 4. HP: 30/31 MP: 0/0
  1211 | D:2      | Found Tuwautoc's Armour Emporium.
  2418 | D:4      | Reached XP level 5. HP: 30/35 MP: 0/0
  2418 | D:4      | Learned a level 2 spell: Ensorcelled Hibernation
  2471 | D:4      | Reached skill level 5 in Spellcasting
  2471 | D:4      | Reached skill level 5 in Conjurations
  2471 | D:4      | Reached skill level 5 in Hexes
  2471 | D:4      | Reached skill level 5 in Summonings
  2471 | D:4      | Reached skill level 5 in Necromancy
  2471 | D:4      | Reached skill level 5 in Translocations
  2471 | D:4      | Reached skill level 5 in Fire Magic
  2471 | D:4      | Reached skill level 5 in Ice Magic
  2471 | D:4      | Reached skill level 5 in Air Magic
  2471 | D:4      | Reached skill level 5 in Earth Magic
  2471 | D:4      | Reached skill level 5 in Alchemy
  2539 | D:4      | Noticed Duvessa
  2540 | D:4      | Noticed Dowan
  2543 | D:4      | Killed Duvessa
  2544 | D:4      | Reached XP level 6. HP: 34/40 MP: 0/0
  2545 | D:4      | Killed Dowan
  2950 | D:5      | Entered Level 5 of the Dungeon
  2956 | D:5      | Reached XP level 7. HP: 43/45 MP: 0/0
  2956 | D:5      | Learned a level 3 spell: Inner Flame
  3043 | D:5      | Found a runed translucent gate.
  3043 | D:5      | Found a runed translucent gate.
  3043 | D:5      | Found a runed translucent gate.
  3115 | D:5      | Noticed zorb987's ghost (amateur GnRe)
  3306 | D:5      | Reached XP level 8. HP: 42/50 MP: 0/0
  3782 | D:5      | Killed zorb987's ghost
  3830 | D:5      | Reached XP level 9. HP: 58/62 MP: 0/0
  3830 | D:5      | Learned a level 4 spell: Passage of Golubria
  4143 | D:6      | Reached skill level 5 in Fighting
  4168 | D:6      | Found a shadowy altar of Dithmenos.
  4726 | D:6      | Found a white marble altar of Elyvilon.
  4726 | D:6      | Found an iron altar of Okawaru.
  4733 | D:6      | Found a glowing silver altar of Zin.
  4735 | D:6      | Found a basalt altar of Yredelemnul.
  4737 | D:6      | Found a sacrificial altar of Ru.
  4802 | D:7      | Found a bloodstained altar of Trog.
  4866 | D:7      | Found a staircase to the Ecumenical Temple.
  4879 | Temple   | Entered the Ecumenical Temple
  4912 | Temple   | Became a worshipper of Makhleb the Destroyer
  4943 | D:7      | Reached skill level 5 in Dodging
  4957 | D:7      | Found a sand-covered staircase.
  5062 | Ossuary  | Entered an ossuary
  5223 | Ossuary  | Reached * piety under Makhleb
  5226 | Ossuary  | Reached skill level 1 in Armour
  5328 | D:7      | Noticed Jeremiah
  5501 | D:7      | Killed Jeremiah
  5896 | D:7      | Found a broken altar of Ashenzari.
  6105 | D:7      | Found Haujy's Distillery.
  6115 | D:7      | Bought a potion of heal wounds for 70 gold pieces
  6138 | D:7      | Noticed a troll
  6145 | D:7      | Killed a troll
  6146 | D:7      | Reached XP level 10. HP: 54/70 MP: 0/0
  6428 | D:8      | Reached ** piety under Makhleb
  6572 | D:8      | Found a snail-covered altar of Cheibriados.
  6573 | D:8      | Found a hide-covered altar of Uskayaw.
  6636 | D:8      | Reached skill level 10 in Spellcasting
  6636 | D:8      | Reached skill level 10 in Conjurations
  6636 | D:8      | Reached skill level 10 in Hexes
  6636 | D:8      | Reached skill level 10 in Summonings
  6636 | D:8      | Reached skill level 10 in Necromancy
  6636 | D:8      | Reached skill level 10 in Translocations
  6636 | D:8      | Reached skill level 10 in Fire Magic
  6636 | D:8      | Reached skill level 10 in Ice Magic
  6636 | D:8      | Reached skill level 10 in Air Magic
  6636 | D:8      | Reached skill level 10 in Earth Magic
  6636 | D:8      | Reached skill level 10 in Alchemy
  6931 | D:9      | Reached XP level 11. HP: 74/75 MP: 0/0
  6931 | D:9      | Learned a level 5 spell: Curse of Agony
  7280 | D:9      | Reached *** piety under Makhleb
  7352 | D:9      | Found Azefulic's Sacrilege Store.
  7623 | D:10     | Entered Level 10 of the Dungeon
  8140 | D:10     | Found Zifrirey's Antique Armour Shoppe.
  8198 | D:10     | Bought a pitted robe for 176 gold pieces
  8198 | D:10     | Identified the +2 robe of Hadjma {*Slow rF++ rC+ Str+2}
                  | (You bought it in a shop on level 10 of the Dungeon)
  8567 | D:11     | Noticed a manticore
  8570 | D:11     | Killed a manticore
  8570 | D:11     | Reached **** piety under Makhleb
  8594 | D:11     | Noticed a sun demon
  8678 | D:11     | Found a runed translucent gate.
  8678 | D:11     | Found a runed translucent gate.
  8678 | D:11     | Found a runed translucent gate.
  8679 | D:11     | Noticed a boulder beetle
  8681 | D:11     | Noticed a two-headed ogre
  8683 | D:11     | Noticed a minotaur
  8683 | D:11     | Noticed Swamplord's ghost (journeyman DESu)
  8703 | D:11     | Reached XP level 12. HP: 81/81 MP: 0/0
  8737 | D:11     | Noticed a two-headed ogre
  8742 | D:11     | Killed a two-headed ogre
  8767 | D:11     | Noticed a skeletal warrior
  8768 | D:11     | Noticed a skeletal warrior
  8768 | D:11     | Noticed a skeletal warrior
  8771 | D:11     | Noticed a skeletal warrior
  8774 | D:11     | Killed a skeletal warrior
  8774 | D:11     | Killed a skeletal warrior
  8783 | D:11     | Found an opulent altar of Gozag.
  8783 | D:11     | Engulfed by a cloud of flame

Illustrated notes

Levels and vault maps discovered:
D:1:      spicycebolla_green_bress_n_ham_2, layout_loops_ring,
          shapermc_ecumenical_altar_starsandcircs, serial_shops,
          nicolae_shop_stone, grunt_decor_arrowhead
D:2:      layout_basic, serial_shops, shop
D:3:      layout_loops_ring
D:4:      layout_basic, uniq_duvessa
D:5:      layout_loops_ring, gammafunk_ghost_icy, reono_crystal_passage
D:6:      layout_loops_ring, mainiacjoe_overflow_tiny_flanked,
          chequers_temple_overflow_minitemple
D:7:      layout_basic, mainiacjoe_overflow_cross_hatched,
          mainiacjoe_overflow_alcove_4, minmay_temple_entry_junction_2,
          nicolae_ossuary_entry_giza, serial_shops, shop, grunt_ministairs_7,
          uniq_jeremiah
D:8:      layout_rooms, mainiacjoe_overflow_divided_tiny
D:9:      layout_cave_pools, serial_column_ruins, column_ruins_hut_ruined,
          column_ruins_hut, column_ruins_columns_dead_end,
          column_ruins_open_small, column_ruins_open_tiny,
          column_ruins_open_tiny, column_ruins_corridor_T,
          column_ruins_columns_straight, grunt_ministairs_15, nicolae_evil_shop
D:10:     layout_loops_ring, serial_ice, serial_ice_j, serial_ice_d,
          serial_ice_o, serial_ice_e, serial_ice_n, serial_ice_b, serial_shops,
          shop, dk_noncrumbling_2, kennysheep_crisscross
D:11:     layout_irregular_city, dpeg_lair_monsters,
          maelrawn_ghost_gauntlet_escape, grunt_gozag_statues
D:12:     layout_long_grid, minmay_orc_entry_guard_dogs, portal_ice_cave_rime,
          kennysheep_kite_vault, uniq_urug, uniq_nessos, uniq_josephine,
          uniq_snorg
Temple:   nicolae_temple_godzebo

Skill      XL: |  1  2  3  4  5  6  7  8  9 10 11 12 |
---------------+-------------------------------------+-----
Spellcasting   | 4 5 6 7 8 10 12 | 12.6
Conjurations   | 4 5 6 7 8 10 12 | 12.6
Hexes          | 4 5 6 7 8 10 12 | 12.6
Summonings     | 4 5 6 7 8 10 12 | 12.6
Necromancy     | 4 5 6 7 8 10 12 | 12.6
Translocations | 4 5 6 7 8 10 12 | 12.6
Fire Magic     | 4 5 6 7 8 10 12 | 12.6
Ice Magic      | 4 5 6 7 8 10 12 | 12.6
Air Magic      | 4 5 6 7 8 10 12 | 12.6
Earth Magic    | 4 5 6 7 8 10 12 | 12.6
Alchemy        | 4 5 6 7 8 10 12 | 12.6
Fighting       | 4 5 |  5.1
Dodging        | 6 7 9 |  9.5
Armour         | 4 |  4.0
Stealth        | |  1.5

Action                     |  1- 3 |  4- 6 |  7- 9 | 10-12 || total
---------------------------+-------+-------+-------+-------++-------
  Melee: Staff             |       |       |       |     1 ||     1
   Cast: Sandblast         |    38 |     1 |     5 |       ||    44
         Stone Arrow       |       |    32 |   111 |   138 ||   281
         Brom's Barrelling |       |       |    22 |    18 ||    40
         Inner Flame       |       |       |    14 |    70 ||    84
         Ensorcelled Hiber |       |       |     3 |       ||     3
         Magic Dart        |       |       |     3 |    33 ||    36
         Petrify           |       |       |       |     1 ||     1
         Passage of Golubr |       |       |       |     1 ||     1
    Use: Scroll            |     5 |     2 |     7 |     9 ||    23
         Potion            |       |       |     1 |     3 ||     4
 Armour: Robe              |    11 |       |    22 |    76 ||   109
         Leather armour    |       |     1 |       |       ||     1
  Dodge: Dodged            |     7 |     1 |    15 |    24 ||    47

Table legend: (Time is in decaauts)
 A = Elapsed time spent in this place.
 B = Non-inter-level travel time spent in this place.
 C = Inter-level travel time spent in this place.
 D = Time resting spent in this place.
 E = Time spent auto-exploring this place.
 F = Levels seen in this place.
 G = Mean time per level.
                   A        B        C        D        E       F      G
               +--------+--------+--------+--------+--------+-----+--------+
         Total |   8800 |   7975 |    825 |    671 |   5998 |  14 |  628.6 |
       Dungeon |   8424 |   7648 |    776 |    540 |   5866 |  12 |  702.0 |
        Temple |    161 |    112 |     49 |    100 |      8 |   1 |  161.0 |
       Ossuary |    214 |    214 |      0 |     31 |    124 |   1 |  214.0 |
               +--------+--------+--------+--------+--------+-----+--------+

Top non-repeatable levels by time:
     D:7: 1140 daAuts
     D:5: 1026 daAuts
    D:10: 935 daAuts
     D:4: 911 daAuts
     D:6: 806 daAuts
     D:2: 780 daAuts
     D:1: 734 daAuts
     D:8: 665 daAuts
     D:9: 661 daAuts
     D:3: 539 daAuts
 Ossuary: 214 daAuts
    D:11: 178 daAuts
  Temple: 161 daAuts
    D:12: 44 daAuts
